SAA
RICHLAND RAILS @ LONG ISLAND SEAWOLVES
06/25/2023
 
TOP OF THE 1ST
Richland Rails batting - Pitching for Long Island Seawolves : RHP Jim Unknown
Pitching: RHP Jim Unknown
Batting: RHB Ramón Cruz 0-0: SINGLE (Flyball, 7LS)
Batting: SHB Jasper Otto 0-0: Ball
1-0: Called Strike
1-1: Ball
2-1: Fly out, F8 (Flyball, 8LM)
Batting: LHB Ramón Félix 0-0: Called Strike
0-1: Ball
Ramón Cruz is caught stealing 2nd base
1-1: Swinging Strike
1-2: Foul Ball, location: 2F
1-2: Foul Ball, location: 2F
1-2: Foul Ball, location: 2F
1-2: Strikes out looking
Top of the 1st over - 0 run(s), 1 hit(s), 0 error(s), 0 left on base; Richland 0 - Long Island 0
BOTTOM OF THE 1ST
Long Island Seawolves batting - Pitching for Richland Rails : RHP Manuel Morales
Pitching: RHP Manuel Morales
Batting: LHB Keith Alexander 0-0: Ball
1-0: Ball
2-0: Ball
3-0: Called Strike
3-1: Base on Balls
Batting: RHB Mal Bussard 0-0: Grounds into double play, 5-4-3 (Groundball, 56)
Batting: RHB Miguel Rodríguez 0-0: Ball
1-0: Ball
2-0: DOUBLE (Line Drive, 9LM)
Batting: LHB Scott Britt 0-0: Swinging Strike
0-1: Ball
1-1: Foul Ball, location: 2F
1-2: Foul Ball, location: 2F
1-2: Strikes out swinging
Bottom of the 1st over - 0 run(s), 1 hit(s), 0 error(s), 1 left on base; Richland 0 - Long Island 0
TOP OF THE 2ND
Richland Rails batting - Pitching for Long Island Seawolves : RHP Jim Unknown
Batting: LHB Avon Barksdale 0-0: Called Strike
0-1: Ground out 4-3 (Groundball, 4M)
Batting: RHB Andrew Hall 0-0: Called Strike
0-1: Ball
1-1: Ball
2-1: Called Strike
2-2: Ball
3-2: Fly out, F9 (Flyball, 89D)
Batting: LHB Ángel Aguilar 0-0: Ball
1-0: Ball
2-0: Called Strike
2-1: Called Strike
2-2: Strikes out swinging
Top of the 2nd over - 0 run(s), 0 hit(s), 0 error(s), 0 left on base; Richland 0 - Long Island 0
BOTTOM OF THE 2ND
Long Island Seawolves batting - Pitching for Richland Rails : RHP Manuel Morales
Batting: RHB David Morales 0-0: Ball
1-0: Foul Ball, location: 2F
1-1: Swinging Strike
1-2: SINGLE (Line Drive, 4D)
Batting: LHB Jim Unknown 0-0: DOUBLE (Flyball, 8LM)
David Morales to third
Batting: RHB Jim Unknown 0-0: Ball
1-0: Ball
2-0: Called Strike
2-1: Ball
3-1: Base on Balls
Batting: RHB Jim Unknown 0-0: Ball
1-0: Called Strike
1-1: Called Strike
1-2: Foul Ball, location: 2F
1-2: Foul Ball, location: 2F
1-2: Fly out, F9 (Line Drive, 9S)
Batting: SHB Carroll Kline 0-0: Swinging Strike
0-1: Ball
1-1: Ball
2-1: Fly out, F7 (Flyball, 7D)
Runner from 3rd tags up, SCORES, no throw
Jim Unknown to third
Batting: LHB Keith Alexander 0-0: Called Strike
0-1: Called Strike
0-2: Ball
1-2: Foul Ball, location: 2F
1-2: Foul Ball, location: 2F
1-2: Ball
2-2: Strikes out swinging
Bottom of the 2nd over - 1 run(s), 2 hit(s), 0 error(s), 2 left on base; Richland 0 - Long Island 1
TOP OF THE 3RD
Richland Rails batting - Pitching for Long Island Seawolves : RHP Jim Unknown
Batting: RHB Ichiyo Fujii 0-0: Ball
1-0: Ball
2-0: Ball
3-0: Called Strike
3-1: Base on Balls
Batting: RHB Jung-hwan Kwon 0-0: Ball
1-0: Ball
2-0: Ball
3-0: Called Strike
3-1: Foul Ball, location: 2F
3-2: Base on Balls
Ichiyo Fujii to second
Batting: RHB Quigley Gibson 0-0: Ball
1-0: Called Strike
1-1: Foul Ball, location: 2F
1-2: Ball
2-2: Strikes out swinging
Batting: RHB Ramón Cruz 0-0: Ball
1-0: Fly out, F8 (Flyball, 8LM)
Batting: SHB Jasper Otto 0-0: SINGLE (Groundball, 34D)
Ichiyo Fujii to third
Jung-hwan Kwon to second
Runner from 3rd tries for Home, SAFE, no throw or cutoff
Batting: LHB Ramón Félix 0-0: Fly out, F5 (Popup, 56)
Top of the 3rd over - 1 run(s), 1 hit(s), 0 error(s), 2 left on base; Richland 1 - Long Island 1
BOTTOM OF THE 3RD
Long Island Seawolves batting - Pitching for Richland Rails : RHP Manuel Morales
Batting: RHB Mal Bussard 0-0: Ball
1-0: SINGLE (Flyball, 8LS)
Batting: RHB Miguel Rodríguez 0-0: Ball
1-0: Foul Ball, location: 2F
1-1: Ball
2-1: Ball
3-1: Called Strike
3-2: Base on Balls
Mal Bussard to second
Batting: LHB Scott Britt 0-0: Ball
1-0: Foul Ball, location: 2F
1-1: Foul Ball, location: 2F
1-2: Fly out, F9 (Line Drive, 9M)
Batting: RHB David Morales 0-0: SINGLE (Groundball, 6MD)
Mal Bussard to third
Miguel Rodríguez to second
Batting: LHB Jim Unknown 0-0: Foul Ball, location: 2F
0-1: Swinging Strike
0-2: Ball
1-2: Foul Ball, location: 2F
1-2: Ball
2-2: Fly out, F9 (Line Drive, 89M)
Batting: RHB Jim Unknown 0-0: Ball
1-0: Called Strike
1-1: Ball
2-1: Called Strike
2-2: Foul Ball, location: 2F
2-2: SINGLE (Line Drive, 8LS)
Mal Bussard scores
Miguel Rodríguez to third
David Morales to second
Runner from 3rd tries for Home, SAFE, no throw or cutoff
Batting: RHB Jim Unknown 0-0: Reached on error, E2 (Groundball, 25)
David Morales scores
Jim Unknown to third
Batting: SHB Carroll Kline 0-0: Ball
1-0: Ball
2-0: Ball
3-0: Base on Balls
Pitching: RHP Rick Kennedy
Batting: LHB Keith Alexander 0-0: Ball
1-0: Swinging Strike
1-1: Ground out 4-3 (Groundball, 4)
Bottom of the 3rd over - 3 run(s), 3 hit(s), 1 error(s), 3 left on base; Richland 1 - Long Island 4
TOP OF THE 4TH
Richland Rails batting - Pitching for Long Island Seawolves : RHP Jim Unknown
Batting: LHB Avon Barksdale 0-0: Ball
1-0: Ball
2-0: Ball
3-0: Base on Balls
Batting: RHB Andrew Hall 0-0: Swinging Strike
0-1: Ball
1-1: Called Strike
1-2: Ball
2-2: SINGLE (Line Drive, 4M)
Avon Barksdale to second
Batting: LHB Ángel Aguilar 0-0: Called Strike
0-1: Ball
1-1: Ball
2-1: Ball
3-1: SINGLE (Line Drive, 56D)
Avon Barksdale to third
Andrew Hall to second
Batting: RHB Ichiyo Fujii 0-0: Ball
1-0: Called Strike
1-1: Called Strike
1-2: Strikes out swinging
Batting: RHB Jung-hwan Kwon 0-0: Ball
1-0: Ball
2-0: Foul Ball, location: 2F
2-1: SINGLE (Line Drive, 6)
Avon Barksdale scores
Andrew Hall to third
Ángel Aguilar to second
Runner from 3rd tries for Home, SAFE, throw made home
Ángel Aguilar to third
Jung-hwan Kwon to second
Batting: RHB Quigley Gibson 0-0: Ball
1-0: Called Strike
1-1: Ball
2-1: Foul Ball, location: 2F
2-2: Foul Ball, location: 2F
2-2: Ball
3-2: Fly out, F5 (Line Drive, 5S)
3-2: Lined into DP, U5 (Line Drive, 5S)
Top of the 4th over - 2 run(s), 3 hit(s), 0 error(s), 1 left on base; Richland 3 - Long Island 4
BOTTOM OF THE 4TH
Long Island Seawolves batting - Pitching for Richland Rails : RHP Rick Kennedy
Batting: RHB Mal Bussard 0-0: Ball
1-0: Foul Ball, location: 2F
1-1: Swinging Strike
1-2: Foul Ball, location: 2F
1-2: Foul Ball, location: 2F
1-2: Fly out, F3 (Popup, 23F)
Batting: RHB Miguel Rodríguez 0-0: Ball
1-0: SINGLE (Groundball, 56)
Batting: LHB Scott Britt 0-0: Foul Ball, location: 2F
0-1: Called Strike
0-2: Ball
1-2: Ground out 4-3 (Groundball, 4S)
Miguel Rodríguez to second
Batting: RHB David Morales 0-0: Called Strike
0-1: Called Strike
0-2: Foul Ball, location: 2F
0-2: Ball
1-2: Ball
2-2: 2-RUN HOME RUN (Flyball, 7LD), Distance : 321 ft
Batting: LHB Jim Unknown 0-0: Called Strike
0-1: Foul Ball, location: 2F
0-2: Ball
1-2: Strikes out swinging
Bottom of the 4th over - 2 run(s), 2 hit(s), 0 error(s), 0 left on base; Richland 3 - Long Island 6
TOP OF THE 5TH
Richland Rails batting - Pitching for Long Island Seawolves : RHP Jim Unknown
Batting: RHB Ramón Cruz 0-0: Ground out 4-3 (Groundball, 4)
Batting: SHB Jasper Otto 0-0: SINGLE (Groundball, 6MD)
Batting: LHB Ramón Félix 0-0: Called Strike
0-1: Fly out, F8 (Flyball, 8LS)
Batting: LHB Avon Barksdale 0-0: Ball
1-0: Ball
2-0: Fly out, F9 (Flyball, 89XD)
Top of the 5th over - 0 run(s), 1 hit(s), 0 error(s), 1 left on base; Richland 3 - Long Island 6
BOTTOM OF THE 5TH
Long Island Seawolves batting - Pitching for Richland Rails : RHP Rick Kennedy
Batting: RHB Jim Unknown 0-0: Swinging Strike
0-1: Ball
1-1: Ground out 6-3 (Groundball, 6)
Batting: RHB Jim Unknown 0-0: Ball
1-0: SINGLE (Groundball, 34D)
Batting: SHB Carroll Kline 0-0: Called Strike
0-1: Ball
1-1: Ball
Wild Pitch!
Jim Unknown to second
2-1: Swinging Strike
2-2: Ball
3-2: Ground out U3 (Groundball, 3)
Jim Unknown to third
Batting: LHB Keith Alexander 0-0: Called Strike
0-1: Ball
1-1: Ball
2-1: Foul Ball, location: 2F
2-2: SINGLE (Groundball, 2R) (infield hit)
Jim Unknown scores
Batting: RHB Mal Bussard 0-0: Ball
1-0: Ball
Keith Alexander steals 2nd base
2-0: Ball
3-0: Base on Balls
Batting: RHB Miguel Rodríguez 0-0: Ball
1-0: Ball
2-0: Ball
3-0: Called Strike
3-1: Called Strike
3-2: Base on Balls
Keith Alexander to third
Mal Bussard to second
Batting: LHB Scott Britt 0-0: Ball
1-0: Foul Ball, location: 2F
1-1: Fly out, F4 (Popup, 34D)
Bottom of the 5th over - 1 run(s), 2 hit(s), 0 error(s), 3 left on base; Richland 3 - Long Island 7
TOP OF THE 6TH
Richland Rails batting - Pitching for Long Island Seawolves : RHP Jim Unknown
Batting: RHB Andrew Hall 0-0: Ball
1-0: Called Strike
1-1: Ball
2-1: Foul Ball, location: 2F
2-2: Ball
3-2: Base on Balls
Batting: LHB Ángel Aguilar 0-0: Ball
1-0: SINGLE (Flyball, 78S)
Andrew Hall to second
Batting: RHB Ichiyo Fujii 0-0: Ball
1-0: Swinging Strike
1-1: Called Strike
1-2: Ball
2-2: Strikes out swinging
Batting: RHB Jung-hwan Kwon 0-0: Called Strike
0-1: Ball
1-1: Called Strike
1-2: SINGLE (Line Drive, 7LS)
Andrew Hall to third
Ángel Aguilar to second
Batting: RHB Quigley Gibson 0-0: Fly out, F7 (Line Drive, 78S)
Batting: RHB Ramón Cruz 0-0: Foul Ball, location: 2F
0-1: Ground out 5-3 (Groundball, 56)
Top of the 6th over - 0 run(s), 2 hit(s), 0 error(s), 3 left on base; Richland 3 - Long Island 7
BOTTOM OF THE 6TH
Long Island Seawolves batting - Pitching for Richland Rails : RHP Rick Kennedy
Pitching: LHP Roberto Guillén
Batting: RHB David Morales 0-0: Ball
1-0: SINGLE (Groundball, 6MD)
Batting: LHB Jim Unknown 0-0: Bunted foul
0-1: Sac Bunt - play at first, batter OUT! 5-4
David Morales to second
Batting: RHB Jim Unknown 0-0: Intentional Walk
Batting: RHB Jim Unknown 0-0: Swinging Strike
0-1: Ball
1-1: Swinging Strike
1-2: Strikes out looking
Batting: SHB Carroll Kline 0-0: Ball
1-0: Foul Ball, location: 2F
1-1: Called Strike
1-2: 3-RUN HOME RUN (Flyball, 78XD), Distance : 363 ft
Batting: LHB Keith Alexander 0-0: Swinging Strike
0-1: Ball
1-1: Swinging Strike
1-2: Foul Ball, location: 2F
1-2: Ball
2-2: Strikes out looking
Bottom of the 6th over - 3 run(s), 2 hit(s), 0 error(s), 0 left on base; Richland 3 - Long Island 10
TOP OF THE 7TH
Richland Rails batting - Pitching for Long Island Seawolves : RHP Jim Unknown
Batting: SHB Jasper Otto 0-0: Swinging Strike
0-1: Ball
1-1: Fly out, F7 (Flyball, 7M)
Batting: LHB Ramón Félix 0-0: Ball
1-0: Ball
2-0: Fly out, F7 (Flyball, 7M)
Batting: LHB Avon Barksdale 0-0: Ball
1-0: Fly out, F9 (Flyball, 9LS)
Top of the 7th over - 0 run(s), 0 hit(s), 0 error(s), 0 left on base; Richland 3 - Long Island 10
BOTTOM OF THE 7TH
Long Island Seawolves batting - Pitching for Richland Rails : LHP Roberto Guillén
Pitching: RHP Stephen Hollingsworth
Batting: RHB Mal Bussard 0-0: Ball
1-0: Ball
2-0: Called Strike
2-1: Foul Ball, location: 2F
2-2: Ball
3-2: Ground out 5-3 (Groundball, 5)
Batting: RHB Miguel Rodríguez 0-0: Ball
1-0: Foul Ball, location: 2F
1-1: Ground out 3-1 (Groundball, 34)
Batting: LHB Scott Britt 0-0: Foul Ball, location: 2F
0-1: Called Strike
0-2: Ball
1-2: Ball
2-2: Foul Ball, location: 2F
2-2: Ball
3-2: Base on Balls
Batting: RHB David Morales 0-0: Called Strike
0-1: SINGLE (Groundball, 34)
Scott Britt to second
Runner from 2nd tries for 3rd, SAFE, throw made to third
Batting: LHB Jim Unknown 0-0: Fly out, F7 (Flyball, 7LM)
Bottom of the 7th over - 0 run(s), 1 hit(s), 0 error(s), 2 left on base; Richland 3 - Long Island 10
TOP OF THE 8TH
Richland Rails batting - Pitching for Long Island Seawolves : RHP Jim Unknown
Pitching: LHP Jim Unknown
Batting: RHB Andrew Hall 0-0: Ball
1-0: Swinging Strike
1-1: Ball
2-1: Ball
3-1: Foul Ball, location: 2F
3-2: Fly out, F4 (Popup, 4)
Batting: LHB Ángel Aguilar 0-0: Ball
1-0: Ball
2-0: Ball
3-0: Called Strike
3-1: Foul Ball, location: 2F
3-2: Base on Balls
Batting: RHB Ichiyo Fujii 0-0: Swinging Strike
0-1: Fly out, F2 (Popup, 23F)
Batting: RHB Jung-hwan Kwon 0-0: DOUBLE (Line Drive, 78M)
Ángel Aguilar to third
Batting: RHB Quigley Gibson 0-0: Called Strike
0-1: Ball
1-1: Ball
2-1: SINGLE (Line Drive, 7S)
Ángel Aguilar scores
Jung-hwan Kwon to third
Runner from 3rd tries for Home, throw and OUT!
Top of the 8th over - 1 run(s), 2 hit(s), 0 error(s), 1 left on base; Richland 4 - Long Island 10
BOTTOM OF THE 8TH
Long Island Seawolves batting - Pitching for Richland Rails : RHP Stephen Hollingsworth
Batting: RHB Jim Unknown 0-0: Ball
1-0: Ground out 3-1 (Groundball, 34)
Batting: RHB Jim Unknown 0-0: Called Strike
0-1: Called Strike
0-2: Ground out 4-3 (Groundball, 4)
Batting: SHB Carroll Kline 0-0: Ball
1-0: Called Strike
1-1: Swinging Strike
1-2: Ground out 4-3 (Groundball, 4M)
Bottom of the 8th over - 0 run(s), 0 hit(s), 0 error(s), 0 left on base; Richland 4 - Long Island 10
TOP OF THE 9TH
Richland Rails batting - Pitching for Long Island Seawolves : LHP Jim Unknown
Batting: RHB Ramón Cruz 0-0: Ground out U3 (Groundball, 3S)
Batting: SHB Jasper Otto 0-0: Called Strike
0-1: Swinging Strike
0-2: Foul Ball, location: 2F
0-2: Ball
1-2: Ball
2-2: Ball
3-2: Ground out 6-3 (Groundball, 6)
Batting: LHB Ramón Félix 0-0: Foul Ball, location: 2F
0-1: Called Strike
0-2: Fly out, F8 (Flyball, 8RM)
Top of the 9th over - 0 run(s), 0 hit(s), 0 error(s), 0 left on base; Richland 4 - Long Island 10
This league is powered by Out of the Park Baseball, the baseball management simulation game for PC, Mac and Linux
Friday, July 8th, 2016 - OOTP Baseball 16.9 Build 39